Map: Blackpink LE

Players

axu

  • Race: Protoss Protoss
  • League: Platinum
  • Spawn Location: 7:00

Rokas - Winner!

  • Race: Protoss Protoss
  • League: Diamond
  • Spawn Location: 1:00

VOD

Have the link to the VOD?

Description

Time

  • Played on: May 14, 2018, 2:23 p.m.
  • Length: 19:38
Show
View Real Time Build Order
Export as new Build Order

axu Protoss 

Build Orders:  

Get SALT Encoding   

  12  0:00  Probe  
  13  0:13  Probe  
  14  0:21  Pylon  
  14  0:25  Probe  
  15  0:39  Probe  
  16  0:43  Gateway  
  16  0:51  Probe  
  16  0:54  Assimilator  
  17  1:03  Probe  
  18  1:05  Assimilator  
  18  1:11  Gateway  
  18  1:15  Probe  
  19  1:26  Probe  
  19  1:31  Cybernetics Core  
  20  1:33  Pylon  
  20  1:34  Probe  
  21  1:42  Probe  
  22  2:01  Adept  
  22  2:02  Adept  
  22  2:03  Probe  
  27  2:19  Pylon, Warp Gate  
  28  2:26  Stalker x2  
  31  2:37  Probe  
  30  3:17  Stalker x2  
  32  3:21  Nexus  
  32  3:24  Shield Battery  
  32  3:30  Pylon  
  32  3:31  Probe  
  33  3:47  Stalker x2, Probe  
  38  4:07  Robotics Facility  
  38  4:29  Probe  
  39  4:31  Shield Battery  
  39  4:32  Stalker x2  
  39  4:38  Probe  
  43  4:39  Probe  
  43  4:43  Immortal  
  45  4:46  Probe  
  46  4:56  Stalker  
  52  5:03  Stalker  
  54  5:08  Probe x2  
  56  5:20  Probe x2  
  58  5:23  Observer  
  58  5:27  Pylon  
  59  5:32  Probe x2  
  61  5:36  Gateway x2  
  61  5:41  Assimilator  
  61  5:43  Assimilator  
  61  5:44  Probe  
  61  5:45  Probe  
  63  5:52  Immortal  
  67  6:12  Stalker  
  69  6:20  Pylon  
  69  6:22  Pylon  
  69  6:27  Pylon  
  55  7:04  Immortal  
  55  7:17  Probe  
  55  7:18  Probe  
  57  7:25  Probe  
  57  7:26  Probe  
  58  7:33  Stalker x3  
  65  7:37  Immortal  
  65  7:40  Nexus  
  69  7:46  Forge  
  69  7:47  Forge  
  69  7:48  Pylon  
  69  7:52  Pylon  
  69  8:02  Zealot x3  
  69  8:03  Zealot  
  77  8:08  Twilight Council  
  77  8:10  Pylon  
  77  8:13  Protoss Ground Armor Level 1, Protoss Ground Weapons Level 1, Pylon  
  77  8:31  Stalker x2  
  77  8:32  Stalker x2  
  85  8:45  Pylon  
  85  8:48  Charge, Templar Archives  
  85  8:49  Gateway  
  85  8:53  Gateway  
  85  9:00  Immortal  
  89  9:07  Shield Battery  
  89  9:09  Shield Battery  
  89  9:12  Probe  
  89  9:13  Probe  
  91  9:18  Probe  
  91  9:20  Probe  
  91  9:21  Probe  
  92  9:28  High Templar  
  92  9:29  High Templar x3  
  92  9:30  Probe  
  103  9:31  Probe  
  103  9:32  Probe  
  103  9:33  Archon x2  
  105  9:42  Probe x2  
  105  9:44  Robotics Facility, Probe  
  108  9:52  Protoss Ground Weapons Level 2  
  108  9:53  Protoss Ground Armor Level 2  
  108  9:54  Probe  
  108  9:55  Probe  
  108  9:56  Probe  
  108  9:58  Assimilator  
  111  10:00  Assimilator  
  111  10:06  Probe  
  113  10:07  Probe  
  113  10:25  High Templar x4  
  113  10:26  High Templar x2  
  125  10:32  Archon x2  
  125  10:33  Archon  
  125  10:40  Observer  
  125  10:42  Immortal  
  130  11:02  Zealot x2  
  130  11:03  Zealot x4  
  141  11:19  Gateway x2  
  141  11:21  Gateway  
  141  11:23  Gateway  
  141  11:25  Gateway  
  141  11:27  Gateway  
  141  11:40  Nexus  
  141  11:48  Immortal x2  
  141  11:51  Pylon  
  141  11:53  Pylon  
  149  11:56  Pylon  
  149  12:20  Pylon  
  149  12:21  Pylon  
  139  12:23  Pylon x2, Warp Prism  
  111  12:31  Immortal  
  111  12:36  Probe  
  90  12:49  High Templar x3  
  90  12:50  High Templar x3  
  98  12:53  Immortal  
  98  12:56  Archon x3  
  102  13:11  Zealot x2  
  102  13:12  Zealot x4  
  114  13:20  Immortal  
  118  13:29  Shield Battery  
  118  13:32  Shield Battery  
  118  13:33  Shield Battery  
  118  13:34  High Templar x3  
  118  13:35  High Templar x4  
  118  13:36  Shield Battery  
  118  13:37  Zealot x4  
  118  13:38  Zealot  
  118  13:39  Archon x3  
  142  13:52  Observer  
  143  14:04  Immortal  
  147  14:17  Zealot  
  147  14:18  Zealot x5  
  147  14:19  Zealot x3  
  163  14:46  Assimilator  
  163  14:50  Assimilator  
  163  14:53  Sentry x3  
  163  14:54  Sentry  
  171  15:00  High Templar x5  
  171  15:02  Zealot x3  
  187  15:08  Archon x2  
  187  15:16  Archon  
  187  15:22  Protoss Ground Weapons Level 3, Protoss Ground Armor Level 3  
  187  16:06  Pylon  
  187  16:07  Pylon  
  187  16:09  Pylon  
  187  16:15  Stargate  
  187  16:16  Stargate  
  145  16:44  Zealot x2  
  145  16:45  Zealot x6  
  145  16:46  Zealot x2  
  125  17:01  Probe  
  120  17:14  Fleet Beacon  
  100  17:28  Observer  
  101  17:33  Nexus  
  101  17:39  Pylon  
  101  17:40  Pylon  
  101  17:43  Pylon  
  101  17:53  Stargate  
  101  17:56  Stalker x3, Stargate  
  101  17:57  Stalker x4, Stargate  
  101  17:58  High Templar x3  
  117  18:01  Cybernetics Core  
  117  18:02  Archon  
  121  18:10  Assimilator  
  121  18:14  Assimilator  
  121  18:17  Photon Cannon  
  121  18:19  Photon Cannon  
  121  18:20  Photon Cannon  
  121  18:21  Photon Cannon  
  121  18:23  Shield Battery  
  121  18:24  Shield Battery  
  121  18:26  Shield Battery  
  121  18:33  High Templar x2  
  121  18:34  High Templar x4  
  127  18:36  Zealot x4  
  127  18:40  Archon x2  
  141  18:42  Archon  
  135  18:59  Zealot x4  
  113  19:07  Zealot x4  
  113  19:08  Zealot x2  
Show
View Real Time Build Order
Export as new Build Order

Rokas Protoss - Winner!

Build Orders: Zealot Archon 

Get SALT Encoding   

  12  0:01  Probe  
  13  0:13  Probe  
  14  0:22  Pylon  
  14  0:25  Probe  
  15  0:36  Probe  
  15  0:41  Gateway  
  16  0:44  Probe  
  17  0:53  Assimilator  
  17  0:54  Probe  
  18  1:02  Probe, Pylon  
  18  1:11  Probe  
  20  1:21  Probe  
  21  1:29  Cybernetics Core  
  21  1:33  Probe  
  21  1:37  Zealot  
  24  1:45  Probe  
  25  1:50  Assimilator  
  25  1:51  Gateway  
  25  1:57  Probe  
  25  2:01  Stalker  
  26  2:06  Warp Gate  
  28  2:09  Probe  
  28  2:11  Pylon  
  29  2:23  Probe  
  29  2:27  Stalker  
  30  2:35  Pylon  
  30  2:36  Probe  
  33  2:38  Stalker  
  34  3:05  Probe  
  31  3:13  Probe  
  31  3:17  Nexus  
  31  3:20  Pylon  
  31  3:23  Probe  
  31  3:24  Stalker  
  34  3:31  Sentry  
  36  3:46  Robotics Facility  
  36  3:51  Probe  
  36  3:55  Gateway  
  37  4:04  Probe  
  37  4:13  Probe  
  37  4:21  Probe  
  38  4:27  Shield Battery, Forge  
  38  4:29  Probe  
  38  4:30  Probe  
  40  4:33  Observer  
  42  4:38  Probe  
  42  4:43  Probe  
  44  4:52  Assimilator  
  44  4:55  Assimilator  
  44  4:56  Probe x2  
  44  4:58  Pylon  
  46  5:08  Immortal  
  46  5:09  Photon Cannon  
  46  5:16  Probe  
  51  5:23  Probe  
  51  5:24  Probe  
  53  5:35  Protoss Ground Weapons Level 1, Probe  
  54  5:43  Twilight Council  
  54  5:46  Probe  
  54  5:47  Probe  
  56  5:51  Pylon  
  56  6:03  Probe x2  
  56  6:05  Immortal  
  56  6:11  Probe  
  61  6:15  Probe  
  63  6:23  Templar Archives  
  63  6:35  Stalker x2  
  63  6:36  Sentry  
  67  6:42  Immortal  
  67  6:45  Shield Battery  
  71  6:47  Shield Battery  
  61  7:04  Stalker x3  
  61  7:06  Probe  
  61  7:07  Probe  
  67  7:15  Gateway  
  67  7:16  Immortal  
  67  7:17  Gateway  
  67  7:26  Probe x2  
  67  7:29  Photon Cannon  
  73  7:30  High Templar  
  73  7:31  High Templar  
  73  7:33  High Templar  
  73  7:35  Archon  
  79  7:46  Gateway  
  79  7:51  Observer  
  80  8:00  Probe  
  80  8:03  Probe  
  82  8:09  Probe  
  82  8:10  Pylon  
  82  8:11  Probe  
  82  8:18  Probe  
  82  8:19  Nexus  
  84  8:23  Pylon  
  85  8:27  Pylon  
  85  8:28  Observer  
  86  8:39  High Templar x4  
  94  8:42  Dark Shrine  
  94  8:43  Archon x2  
  94  8:44  High Templar  
  94  8:45  High Templar  
  98  8:50  Probe x2  
  98  8:54  Pylon  
  100  8:57  Photon Cannon  
  100  8:58  Photon Cannon  
  100  9:01  Protoss Ground Weapons Level 2  
  99  9:02  Shield Battery  
  99  9:04  Shield Battery  
  99  9:08  Archon  
  99  9:14  Immortal  
  103  9:19  Probe x2  
  105  9:30  High Templar  
  107  9:36  High Templar  
  107  9:37  Pylon  
  109  9:38  Assimilator  
  109  9:40  Archon, Assimilator  
  109  9:43  Pylon  
  109  9:44  Probe x2  
  109  9:47  Probe  
  109  9:52  Probe x2  
  112  9:59  Probe  
  115  10:00  Immortal  
  115  10:08  Photon Cannon  
  119  10:16  Pylon  
  119  10:18  Gateway  
  119  10:19  Gateway  
  119  10:20  Gateway  
  119  10:23  High Templar x2  
  119  10:24  High Templar  
  125  10:37  Immortal  
  125  10:43  Archon  
  125  10:44  High Templar  
  131  10:50  Dark Templar x2  
  135  10:58  Archon  
  135  10:59  Archon  
  135  11:01  Dark Templar  
  137  11:07  Nexus  
  137  11:10  Pylon  
  137  11:22  Stargate  
  137  11:25  Stargate  
  137  11:29  Dark Templar  
  137  11:32  Photon Cannon  
  139  11:36  Photon Cannon  
  139  11:38  Photon Cannon  
  139  11:50  Pylon  
  139  11:53  Zealot x5  
  149  12:07  Dark Templar x3  
  145  12:26  Stalker x4  
  145  12:27  Stalker x2  
  123  12:40  Probe x3  
  126  12:47  Void Ray  
  126  12:50  Void Ray  
  126  12:51  Probe  
  127  12:52  Probe x2  
  129  13:00  Protoss Ground Weapons Level 3  
  137  13:06  Assimilator  
  137  13:10  Assimilator  
  137  13:12  Observer  
  138  13:20  Protoss Air Weapons Level 1  
  138  13:37  Void Ray  
  138  13:48  Void Ray  
  144  13:57  Fleet Beacon  
  144  14:01  Photon Cannon x2  
  144  14:03  Photon Cannon  
  144  14:05  Shield Battery  
  144  14:07  Shield Battery  
  144  14:11  Stalker x3  
  144  14:12  Stalker  
  152  14:19  Dark Templar  
  154  14:30  Void Ray  
  154  14:32  Tempest  
  164  14:49  Pylon  
  163  15:11  High Templar  
  163  15:12  High Templar x4  
  163  15:13  High Templar  
  175  15:14  Zealot x3  
  175  15:16  Archon x3  
  181  15:23  Tempest  
  181  15:35  Pylon  
  187  15:43  Tempest  
  187  15:53  Pylon  
  187  15:56  High Templar  
  195  16:06  Nexus  
  195  16:08  Pylon  
  195  16:10  Pylon  
  195  16:15  Pylon  
  193  16:38  Stalker  
  193  16:39  Stalker x4  
  173  16:40  Stalker x4  
  137  17:04  Stalker x2  
  137  17:05  Stalker x5  
  137  17:06  Stalker x2  
  155  17:12  Tempest x2  
  155  17:17  Immortal  
  171  17:40  Mothership  
  171  17:42  Nexus  
  171  17:43  High Templar  
  171  17:44  High Templar x6, Pylon  
  177  17:45  High Templar x2  
  177  17:47  Archon  
  177  17:48  Archon x2  
  177  17:49  Archon  
  197  18:11  Archon  
  197  18:58  Dark Templar x2  
  197  18:59  Dark Templar x3  
  197  19:00  Zealot  
  197  19:01  Zealot  
  169  19:16  Stalker x2  
  155  19:38  High Templar x3  
Tags
 
Composition
Zealot Archon
Matchup
PvP
Spawn Locations
Cross Positions
Add a new tag
Caveats
  • Supply blocks, unpowered buildings, or Contaminate may cause inaccurate times.
  • Supply counts are checked every 10 seconds.